 Dungeon Crawl Stone Soup version 0.24.0-13-gcf9b319 (webtiles) character file.

Game seed: 14394136735913338058, levelgen mode: deterministic

1605 Fang the Skirmisher (level 8, -5/78 HPs)
             Began as a Gargoyle Fighter on Jan 2, 2020.
             Was an Initiate of Trog.
             Slain by a two-headed ogre
             ... wielding a +0 giant spiked club
              (19 damage)
             ... on level 6 of the Dungeon.
             The game lasted 00:10:46 (6848 turns).

Fang the Skirmisher (Gargoyle Fighter)              Turns: 6848, Time: 00:10:47

Health: -5/78      AC: 24    Str: 22    XL:     8   Next: 94%
Magic:  8/8        EV:  2    Int:  9    God:    Trog [......]
Gold:   240        SH: 16    Dex:  9    Spells: 7/7 levels left

rFire    . . .     SeeInvis .   a - +1 war axe
rCold    . . .     Gourm    .   B - +1 shield
rNeg     + + +     Faith    .   (armour currently unavailable)
rPois    ∞         Spirit   .   (helmet currently unavailable)
rElec    .         Reflect  +   (cloak currently unavailable)
rCorr    .         Harm     .   (gloves currently unavailable)
MR       .....     NoTele   +   (boots currently unavailable)
Stlth    +.........             i - +5 amulet of reflection
HPRegen  0.23/turn              (no ring)
MPRegen  0.11/turn              (no ring)

@: tree-form, hasted, very quick
A: negative energy resistance 1, petrification resistance, rot immunity, AC +5
a: Renounce Religion


You were on level 6 of the Dungeon.
You worshipped Trog.
Trog was noncommittal.
You were not hungry.
You were a tree.
You visited 2 branches of the dungeon, and saw 7 of its levels.
You also visited: Sewer.

You collected 240 gold pieces.

Inventory:

Hand Weapons
 a - a +1 war axe (weapon)
 f - a +0 broad axe
Armour
 b - a +0 plate armour (melded)
 B - a +1 shield (worn)
Jewellery
 i - a +5 amulet of reflection (around neck)
Wands
 w - a wand of flame (18)
 y - a wand of paralysis (9)
Scrolls
 e - 2 scrolls of enchant armour
 p - 2 scrolls of magic mapping
 t - a scroll of fog
 u - a scroll of amnesia
Potions
 d - a potion of resistance
 g - a potion of ambrosia
 h - a potion of agility
 j - 5 potions of curing
 k - a potion of invisibility
 l - a potion of lignification
 m - a potion of might
 n - a potion of haste
 o - a potion of brilliance {unknown}
 q - 3 potions of heal wounds {unknown}
 s - a potion of degeneration {unknown}
 v - a potion of berserk rage {unknown}
Comestibles
 c - 16 rations


   Skills:
 + Level 6.9 Fighting
 + Level 5.2 Axes
 + Level 6.8 Armour
 + Level 6.8 Shields


You had 7 spell levels left.
You didn't know any spells.
Your spell library contained the following spells:

 Spells                   Type           Power        Failure   Level  Hunger
 Corona                   Hex            #......      75%         1    ##.....
 Ensorcelled Hibernation  Hex/Ice        #.....       87%         2    ###....
 Confuse                  Hex            #.......     98%         3    ####...
 Dazzling Spray           Conj/Hex       #.....       98%         3    ####...
 Tukima's Dance           Hex            #.......     98%         3    ####...


Dungeon Overview and Level Annotations

Branches:
Dungeon (6/15)             Temple (1/1) D:6           Sewer (visited)

Altars:
Cheibriados
Fedhas
Ru
Trog
Uskayaw
Zin
The Shining One

Shops:
D:5 %


Innate Abilities, Weirdness & Mutations

You are resistant to torment.
((Your stone body is resilient. (AC +5)))
You are immune to poison.
You resist negative energy. (rN+)
((You are resistant to electric shocks. (rElec)))
((You can survive without breathing.))
You are immune to petrification.
You are immune to rotting.


Message History

You barely miss the ice beast. You block the two-headed ogre's attack.
The two-headed ogre hits you with a +0 giant club!
* * * LOW HITPOINT WARNING * * *
You block the ice beast's attack.
You completely miss the two-headed ogre.
The two-headed ogre is severely wounded.
You slash the orc!
You kill the orc!
Trog accepts your kill.
Your shield prevents you from hitting the ice beast.
You block the ice beast's attack. The two-headed ogre barely misses you.
The two-headed ogre hits you but does no damage.
You slash the two-headed ogre!
The two-headed ogre is almost dead.
You barely miss the ice beast. You block the ice beast's attack.
You hit the ice beast.
The ice beast is heavily wounded.
You hit the two-headed ogre.
The two-headed ogre hits you with a +0 giant spiked club!!
You die...

#.#.# ## ##.#.# #.
...#..#.# '.. #..#..#.#
...######## #..#..#.#
#..#......# #..#..#.#
..........# #..#..#.#
O.#.......# #..#O.#'####
...†......# #..#♣).....#
.###...####.#.oY().....#
#.#......#..#.......#
.###.....####..#...(...#
...............#...(...#
..#............#..#'####
....##...#######....#######
#.....)......(.((......aoY#
....................#####.#


You could see a two-headed ogre, an ice beast and an orc.

Vanquished Creatures
  Sigmund (D:6)
  An orc warrior (D:6)
  A sky beast (D:5)
  2 ogres
  A centaur (D:5)
  2 bullfrogs (D:6)
  2 scorpions (D:5)
  A crimson imp (D:6)
  2 orc priests (D:3)
  4 hounds
  A centaur skeleton (D:4)
  3 orc wizards
  4 worker ants
  3 hound skeletons
  4 gnolls (D:5)
  A howler monkey skeleton (D:5)
  7 adders
  An ooze (D:2)
  2 adder skeletons
  4 worms
  A dart slug (D:4)
  7 leopard geckos
  23 orcs
  14 bats
  7 giant cockroaches
  6 goblins
  7 hobgoblins
  14 jackals
  13 kobolds
  3 quokkas
  4 ball pythons
  15 frilled lizards
  A leopard gecko skeleton (D:4)
  A quokka zombie (D:6)
  9 rats
172 creatures vanquished.

Vanquished Creatures (others)
  An orc wizard (D:3)
  An orc (D:5)
2 creatures vanquished.

Grand Total: 174 creatures vanquished

Notes
Turn   | Place    | Note
-------+----------+-------------------------------------------
     0 | D:1      | Fang the Gargoyle Fighter began the quest for the Orb.
     0 | D:1      | Reached XP level 1. HP: 14/14 MP: 1/1
    28 | D:1      | Reached XP level 2. HP: 18/19 MP: 2/2
   261 | D:1      | Reached XP level 3. HP: 23/23 MP: 3/3
   805 | D:2      | Reached XP level 4. HP: 29/29 MP: 4/4
  1019 | D:2      | Found a glowing golden altar of the Shining One.
  1658 | D:3      | Reached XP level 5. HP: 29/33 MP: 5/5
  2479 | D:3      | Reached XP level 6. HP: 15/39 MP: 6/6
  2826 | D:3      | Found a glowing silver altar of Zin.
  2826 | D:3      | Noticed an angel
  3159 | D:4      | Reached skill level 5 in Fighting
  3240 | D:4      | Reached skill level 5 in Shields
  3242 | D:4      | Noticed an orc warrior
  3528 | D:4      | Reached skill level 5 in Armour
  3528 | D:4      | Reached XP level 7. HP: 41/44 MP: 7/7
  4328 | D:5      | Entered Level 5 of the Dungeon
  4342 | D:5      | Found a glowing drain.
  4357 | Sewer    | Entered a sewer
  5134 | D:5      | Reached XP level 8. HP: 51/51 MP: 8/8
  5308 | D:5      | Found Qovex's Food Emporium.
  5783 | D:6      | Noticed Sigmund
  5834 | D:6      | Killed Sigmund
  6149 | D:6      | Reached skill level 5 in Axes
  6598 | D:6      | Found a staircase to the Ecumenical Temple.
  6604 | D:6      | Noticed a two-headed ogre
  6622 | Temple   | Entered the Ecumenical Temple
  6722 | Temple   | Became a worshipper of Trog the Wrathful
  6848 | D:6      | Slain by a two-headed ogre

Levels and vault maps discovered:
D:1:      saegor_arrival_simple_c, layout_basic
D:2:      layout_basic, nicolae_overflow_crystal_walls, first_ration
D:3:      layout_basic, zin_angel
D:4:      layout_basic, lemuel_another_geyser
D:5:      layout_rooms, portal_sewer_entry_f, serial_shops,
          nicolae_shop_temple_entry_statues_fountains, supply_closet_lemuel,
          ebering_dispersal_statue_hall
D:6:      layout_basic, minmay_temple_entry_trees, grunt_ministairs_3,
          minmay_fractal_squares_5, uniq_sigmund
Temple:   regret_index_temple_waves

Skill      XL: |  1  2  3  4  5  6  7  8 |
---------------+-------------------------+-----
Axes           | 2 3 4 5 |  5.2
Fighting       | 4 5 6 |  6.9
Armour         | 4 5 6 |  6.8
Shields        | 4 5 6 |  6.8

Action                   |  1- 3 |  4- 6 |  7- 9 || total
-------------------------+-------+-------+-------++-------
Melee: War axe           |   119 |   289 |   282 ||   690
  Use: Scroll            |       |    11 |    10 ||    21
       Potion            |       |     1 |     5 ||     6
  Eat: Chunk             |       |     9 |     8 ||    17
       Ration            |       |       |     1 ||     1
Armor: Scale mail        |    85 |   147 |    75 ||   307
       Chain mail        |       |       |    52 ||    52
       Plate armour      |       |       |    30 ||    30
       Skin              |       |       |    15 ||    15
Dodge: Dodged            |    55 |    89 |    77 ||   221
Block: Shield            |    82 |   244 |   338 ||   664
       Reflection        |       |     3 |    19 ||    22
